 Dungeon Crawl Stone Soup version 0.29.1-2-gbd0b4ee654 (webtiles) character file.

Game seed: 3819047563618283733

21 Descartes the Grasshopper (level 2, 0/14 HPs)
             Began as a Spriggan Wanderer on Nov 29, 2022.
             Slain by a jackal (3 damage)
             ... on level 1 of the Dungeon.
             The game lasted 00:02:04 (1101 turns).

Descartes the Grasshopper (Spriggan Wanderer)       Turns: 1101, Time: 00:02:05

Health: 0/14       AC:  2    Str: 12    XL:     2   Next: 62%
Magic:  6/6        EV: 18    Int: 13    God:
Gold:   98         SH:  0    Dex: 16    Spells: 5/6 levels left

rFire   . . .      SeeInvis +   f - +2 dagger (venom)
rCold   . . .      Faith    .   (no shield)
rNeg    . . .      Spirit   .   d - +0 robe
rPois   +          Reflect  .   (helmet restricted)
rElec   .          Harm     .   (no cloak)
rCorr   .          Rampage  .   (gloves unavailable)
Will    +....                   (boots unavailable)
Stlth   ++........              (no amulet)
HPRegen 0.04/turn               e - +6 ring of strength
MPRegen 0.10/turn               (no ring)

@: very quick
A: very small, no large weapons, unfitting armour, see invisible, speed 3,
hooves 1, strong-willed 1, poison resistance
a: no special abilities


You were on level 1 of the Dungeon.
You visited 1 branch of the dungeon, and saw 2 of its levels.

You collected 98 gold pieces.

Inventory:

Hand Weapons
 a - a +0 dagger
 f - a +2 dagger of venom (weapon)
Armour
 d - a +0 robe (worn)
Jewellery
 e - a +6 ring of strength (left hand)
Scrolls
 h - a scroll of torment {unknown}
Potions
 b - a potion of lignification
 c - a potion of flight {unknown}
 g - a potion of brilliance {unknown}


   Skills:
 - Level 1.0 Fighting
 + Level 1.0 Short Blades
 + Level 4.3 Dodging
 + Level 1.5 Stealth
 - Level 2.8 Spellcasting
 + Level 4.8 Translocations
 - Level 1.0 Invocations


You had 5 spell levels left.
You knew the following spells:

 Your Spells              Type           Power      Damage    Failure   Level
a - Apportation           Tloc           28%        N/A       3%          1

Your spell library contained the following spells:

 Spells                   Type           Power      Damage    Failure   Level
 Gell's Gravitas          Tloc           14%        N/A       10%         3


Dungeon Overview and Level Annotations

Branches:
Dungeon (2/15)

Altars:

Shops:
D:1 !


Innate Abilities, Weirdness & Mutations

You are very small and have problems with some larger weapons.
You are too small for most types of armour.
You have supernaturally acute eyesight. (SInv)
You cover ground extremely quickly. (Speed+++)
You have large cloven feet.
You are strong-willed. (Will+)
Your system is resistant to poisons. (rPois)


Message History

You are too injured to fight recklessly!
You are too injured to fight recklessly!
Unknown command.
You are too injured to fight recklessly!
There is a stone staircase leading up here.
You hit the jackal but do no damage. Your kick misses the jackal.
The jackal barely misses you. The jackal bites you.
The jackal barely misses you. The hobgoblin closely misses you.
You climb upwards.
There is a stone staircase leading down here.
You are too injured to fight recklessly!
You are too injured to fight recklessly!
You are too injured to fight recklessly!
You are too injured to fight recklessly!
You are too injured to fight recklessly!
You are too injured to fight recklessly!
You are too injured to fight recklessly!
You are too injured to fight recklessly!
You are too injured to fight recklessly!
You are too injured to fight recklessly!
You are too injured to fight recklessly!
You are too injured to fight recklessly!
You are too injured to fight recklessly!
You are too injured to fight recklessly!
You are too injured to fight recklessly!
You are too injured to fight recklessly!
You are too injured to fight recklessly!
You closely miss the jackal. You kick the jackal, but do no damage.
The jackal closely misses you. The hobgoblin closely misses you.
You closely miss the jackal. The jackal bites you.
The jackal barely misses you. The hobgoblin completely misses you.
You closely miss the jackal. Your kick misses the jackal.
The jackal closely misses you. The hobgoblin hits you.
* * * LOW HITPOINT WARNING * * *
You hit the jackal but do no damage. The jackal barely misses you.
You hit the jackal but do no damage. The jackal barely misses you.
You hit the jackal.
The jackal is poisoned.
The jackal is lightly wounded.
The jackal misses you. The jackal bites you.
You die...

#..........# #.####.
#########..## #.##... ##..###
#######..#.## ############...##
#............
#..........รท.#..#
########.)### #............##.#
#....'...#
#............##.####....#..###
#............##....######.='.#
#...........gh@....#####..##+#
#...)........##..#.#..##..'..#
#..........>.##(...#..##..#..#
#............#..#.##..'...#..##
#########....#.##..####..##.<#.
#......###.###..#######
####.###### #..###........
#....# ##.####......#
#.############.......###.#


You could see a jackal (poisoned) and a hobgoblin.

Vanquished Creatures
  4 bats (D:1)
  2 endoplasms (D:1)
  2 giant cockroaches (D:1)
  2 goblins (D:1)
  3 jackals
  2 kobolds (D:1)
  2 ball pythons (D:1)
17 creatures vanquished.

Notes
Turn   | Place    | Note
-------+----------+-------------------------------------------
     0 | D:1      | Descartes the Spriggan Wanderer began the quest for the
                  | Orb.
     0 | D:1      | Descartes set off with the following items: a +0 dagger, a
                  | potion of lignification, a potion of mutation, a +0 robe;
                  | and the following spell memorised: Apportation; and the
                  | following spells available to memorise: Gell's Gravitas.
     0 | D:1      | Reached XP level 1. HP: 10/10 MP: 5/5
    13 | D:1      | Found Jisohepn's Distillery.
   227 | D:1      | Reached skill level 1 in Stealth
   230 | D:1      | Reached XP level 2. HP: 5/14 MP: 6/6
   232 | D:1      | Gained mutation: You are strong-willed. (Will+) [potion of
                  | mutation]
   232 | D:1      | Gained mutation: Your system is resistant to poisons.
                  | (rPois) [potion of mutation]
   232 | D:1      | Gained mutation: You have large cloven feet. [potion of
                  | mutation]
   871 | D:1      | Reached skill level 1 in Short Blades
  1077 | D:2      | Found a faded altar of an unknown god.
  1101 | D:1      | Slain by a jackal

Illustrated notes

Levels and vault maps discovered:
D:1:      dpeg_arrival_short_road, layout_rooms, serial_shops, shop
D:2:      layout_basic, ebering_ecumenical_altar_ruins, minmay_pentomino_s4,
          uniq_terence

Skill      XL: |  1  2 |
---------------+-------+-----
Stealth        | 1 |  1.5
Short Blades   | 1 |  1.0
Fighting       | |  1.0
Dodging        | |  4.3
Spellcasting   | |  2.8
Translocations | |  4.8
Invocations    | |  1.0

Action                   || total
-------------------------++-------
Melee: Dagger            ||    59
       Kick              ||     6
  Use: Potion            ||     1
 Stab: Sleeping          ||     1
Armor: Robe              ||     4
Dodge: Dodged            ||    62
